 Dungeon Crawl Stone Soup version 0.30-a0-1074-g5db6f66fbb (webtiles) character file.

Game seed: 15295736028655613161

953 MacCMillion the Skirmisher (level 7, -2/53 HPs)
             Began as a Demigod Hunter on Apr 14, 2023.
             Slain by an ice beast (5 damage)
             ... on level 5 of the Dungeon.
             The game lasted 00:08:33 (3378 turns).

MacCMillion the Skirmisher (Demigod Hunter)         Turns: 3378, Time: 00:08:33

Health: -2/53      AC:  3    Str: 12    XL:     7   Next: 59%
Magic:  0/9        EV: 12    Int: 11    God:
Gold:   229        SH:  0    Dex: 25    Spells: 6/6 levels left

rFire   . . .      SeeInvis .    a - +0 shortbow
rCold   . . .      Faith    .    (shield currently unavailable)
rNeg    . . .      Spirit   +    c - +0 leather armour
rPois   .          Reflect  .    (no helmet)
rElec   .          Rampage  .    (no cloak)
rCorr   .                        (no gloves)
Will    +....                    (no boots)
Stlth   ++                       v - amulet of guardian spirit
HPRegen 0.28/turn                o - ring of willpower
MPRegen 0.11/turn                (no ring)

@: no status effects
A: high MP 1, forlorn, divine attributes
a: no special abilities


You were on level 5 of the Dungeon.
You visited 1 branch of the dungeon, and saw 7 of its levels.

You collected 229 gold pieces.

Inventory:

Hand Weapons
 a - a +0 shortbow (weapon)
Armour
 c - a +0 leather armour (worn)
Jewellery
 o - a ring of willpower (left hand)
 v - an amulet of guardian spirit (around neck)
Wands
 r - a wand of paralysis (14)
 t - a wand of flame (14)
Scrolls
 b - 3 scrolls of immolation
 d - a scroll of noise
 i - a scroll of amnesia
 j - a scroll of butterflies
 l - a scroll of magic mapping
Potions
 e - a potion of mutation
 g - a potion of cancellation
 h - a potion of brilliance
 m - 3 potions of resistance
 p - 2 potions of attraction


   Skills:
 - Level 1.7 Fighting
 + Level 13.3 Ranged Weapons
 - Level 1.7 Dodging
 - Level 2.0 Stealth


You had 6 spell levels left.
You didn't know any spells.
Your spell library contained the following spells:

 Spells                   Type           Power      Damage    Failure   Level
 Foxfire                  Conj/Fire      0%         2x1d4     41%         1
 Fireball                 Conj/Fire      0%         3d3       100%        5
 Plasma Beam              Fire/Air       0%         2x1d11    100%        6
 Starburst                Conj/Fire      0%         6d3       100%        6
 Chain Lightning          Conj/Air       0%         N/A       100%        9
 Fire Storm               Conj/Fire      0%         5d1       100%        9
 Shatter                  Erth           0%         3d5*      100%        9


Dungeon Overview and Level Annotations

Branches:
Dungeon (7/15)             Temple (0/1) D:7

Annotations:
D:7 exclusion: acid dragon


Innate Abilities, Weirdness & Mutations

You have an increased reservoir of magic. (+10% MP)
You shall have no god before yourself.
Your divine heritage dramatically boosts your attributes as you level up.


Message History

The centaur wields a +0 shortbow.
The centaur shoots an arrow.
The arrow closely misses you.
The centaur shoots an arrow.
The arrow hits you!
* * * LOW HITPOINT WARNING * * *
The orc attacks as you move away! The orc hits you but does no damage.
The centaur shoots an arrow.
The arrow barely misses you.
There is a stone staircase leading up here.
The centaur shoots an arrow.
The arrow hits you.
* * * LOW HITPOINT WARNING * * *
The ice beast barely misses you.
The centaur shoots an arrow.
The arrow misses you. The orc hits you with a +0 club.
* * * LOW HITPOINT WARNING * * *
You climb upwards.
There is a stone staircase leading down here.
Unknown command.
Okay, then.
Okay, then.
Fire: a) +0 shortbow
Press: ? - help, Q - select action, (/) - cycle Shift-Dir - straight line, f - ice beast
Aim: an ice beast (67% to hit)
Okay, then.
Okay, then.
You feel more experienced!
Your Ranged Weapons skill gained 6 levels and is now at level 13!
You have reached level 7!
The ice beast hits you but does no damage.
Fire: a) +0 shortbow
Press: ? - help, Q - select action, (/) - cycle Shift-Dir - straight line, f - ice beast
Aim: an ice beast (70% to hit)
You shoot an arrow. The arrow hits the ice beast!
The ice beast is heavily wounded.
The ice beast barely misses you.
Fire: a) +0 shortbow
Press: ? - help, Q - select action, (/) - cycle Shift-Dir - straight line, f/p - ice beast
Aim: an ice beast (heavily wounded, 70% to hit)
You shoot an arrow. The arrow hits the ice beast.
The ice beast is severely wounded.
The ice beast hits you.
* * * LOW HITPOINT WARNING * * *
The ice beast freezes you.
You die...

### #@#
#Y# #o.
....
....#
......
.#.#...
#.#.#....


You could see an ice beast and an orc.

Vanquished Creatures
  An ogre (D:7)
  A phantom (D:4)
  A scorpion (D:3)
  A howler monkey (D:4)
  A hound (D:4)
  Jessica (D:3)
  Terence (D:3)
  6 adders
  An ufetubus (D:4)
  A worm (D:2)
  2 dart slugs
  10 orcs
  4 bats (D:1)
  9 endoplasms
  A giant cockroach (D:3)
  6 hobgoblins
  5 jackals
  2 quokkas (D:3)
  6 ball pythons
  2 frilled lizards
  9 goblins
  8 kobolds
  5 rats
84 creatures vanquished.

Vanquished Creatures (others)
  31 plants (D:3)
31 creatures vanquished.

Grand Total: 115 creatures vanquished

Notes
Turn   | Place    | Note
-------+----------+-------------------------------------------
     0 | D:1      | MacCMillion the Demigod Hunter began the quest for the Orb.
     0 | D:1      | Reached XP level 1. HP: 17/17 MP: 3/3
    64 | D:1      | Reached skill level 1 in Stealth
   248 | D:1      | Reached XP level 2. HP: 24/24 MP: 4/4
   644 | D:2      | Reached skill level 4 in Ranged Weapons
   776 | D:2      | Reached XP level 3. HP: 29/29 MP: 5/5
  1070 | D:3      | Noticed Jessica
  1074 | D:3      | Killed Jessica
  1185 | D:3      | Noticed Terence
  1186 | D:3      | Reached XP level 4. HP: 36/36 MP: 6/6
  1197 | D:2      | Reached skill level 5 in Ranged Weapons
  1300 | D:3      | Reached XP level 5. HP: 41/41 MP: 7/7
  1738 | D:3      | Killed Terence
  1739 | D:3      | Reached skill level 6 in Ranged Weapons
  2672 | D:4      | Reached XP level 6. HP: 48/48 MP: 8/8
  2727 | D:4      | Reached skill level 7 in Ranged Weapons
  2836 | D:4      | Identified the +3 falchion of Cyimemniura {pain, rC+ rCorr}
  2993 | D:4      | You fall into a shaft and drop 3 floors!
  3015 | D:7      | Noticed an acid dragon
  3030 | D:7      | Found a staircase to the Ecumenical Temple.
  3375 | D:5      | Entered Level 5 of the Dungeon
  3376 | D:5      | Reached skill level 13 in Ranged Weapons
  3376 | D:5      | Reached XP level 7. HP: 5/53 MP: 1/9
  3378 | D:5      | Slain by an ice beast

Illustrated notes

Levels and vault maps discovered:
D:1:      saegor_arrival_simple_b, layout_loops_ring
D:2:      layout_rooms, basic_altar, hangedman_decor_slide_cut, minmay_tripent
D:3:      layout_basic, zin_statuary, mainiacjoe_overflow_catch_the_wave,
          hellmonk_ecumenical_altar_blasted, uniq_terence, uniq_jessica
D:4:      layout_loops_ring, ashenzari_conservatory_becter,
          minmay_misc_feat_columns
D:5:      nicolae_cairo_tiling_large, layout_basic, uniq_menkaure, uniq_duvessa,
          uniq_sigmund
D:6:      layout_basic, overflow_temple_1_default,
          nicolae_overflow_two_pavilions, lightli_orcish_oven,
          uniq_prince_ribbit1
D:7:      layout_basic, minmay_temple_entry_offerings, serial_curves,
          eino_curves_02, eino_curves_04, serial_shops, shop_statue,
          minmay_microvault

Skill      XL: |  1  2  3  4  5  6 |
---------------+-------------------+-----
Stealth        | 1 2 |  2.0
Ranged Weapons | 4 5 6 13 | 13.3
Fighting       | |  1.7
Dodging        | |  1.7

Action                     |  1- 3 |  4- 6 |  7- 9 || total
---------------------------+-------+-------+-------++-------
   Fire: Shortbow          |    95 |   149 |     2 ||   246
    Use: Scroll            |       |    15 |       ||    15
         Potion            |       |     2 |       ||     2
 Armour: Leather armour    |     7 |    16 |     1 ||    24
  Dodge: Dodged            |    18 |    54 |     1 ||    73

Table legend: (Time is in decaauts)
 A = Elapsed time spent in this place.
 B = Non-inter-level travel time spent in this place.
 C = Inter-level travel time spent in this place.
 D = Time resting spent in this place.
 E = Time spent auto-exploring this place.
 F = Levels seen in this place.
 G = Mean time per level.
                   A        B        C        D        E       F      G
               +--------+--------+--------+--------+--------+-----+--------+
         Total |   3440 |   3344 |     96 |    558 |   2180 |   7 |  491.4 |
       Dungeon |   3440 |   3344 |     96 |    558 |   2180 |   7 |  491.4 |
               +--------+--------+--------+--------+--------+-----+--------+

Top non-repeatable levels by time:
     D:4: 1052 daAuts
     D:3: 954 daAuts
     D:1: 589 daAuts
     D:2: 456 daAuts
     D:7: 221 daAuts
     D:6: 163 daAuts
     D:5: 2 daAuts
